AoeStats
← FM-TheVoid

Black Forest

509217944Analyzed
2v2 RM · 6d ago on Sep 25, 2026· 36m 4s· 4 players
Game mode
Random Map
Map size
Medium (4 player)
Population
200
Speed
Normal
Resources
Standard
Victory
Conquest
Starting age
Dark Age
Ending age
Imperial Age
RankedLock teamsTeams togetherTeam positionsShared explorationLock speedFull tech treeHidden civsTurbo modeCheats
Victory
Defeat
🇬🇧 Britons · United Kingdom
1278
+11
🇦🇷 Burgundians · Argentina
1204
+14
🇲🇽 Danes · Mexico
1232
-15
🇲🇽 Teutons · Mexico
1093
-10
Avila1997
0:25 Loom
13:04 Feudal Age
17:23 Castle Age
15:44 Double-Bit Axe
19:40 Bow Saw
20:41 Scale Mail Armor
23:46 Wheelbarrow
22:53 Horse Collar
23:03 Gold Mining
22:59 Fishing Lines
25:44 Chain Mail Armor
26:23 Squires
32:25 Imperial Age
30:27 Gambesons
30:54 Forging
32:09 Pikeman
33:26 Iron Casting
32:32 Elite Varangian Guard
34:26 Plate Mail Armor
luisavila00234
8:16 Loom
10:16 Feudal Age
11:12 Double-Bit Axe
21:00 Castle Age
19:08 Fletching
20:09 Padded Archer Armor
24:07 Scale Mail Armor
24:31 Elite Skirmisher
26:08 Elite Skirmisher
31:10 Ballistics
Leon
1:08 Loom
12:56 Feudal Age
17:58 Castle Age
17:01 Double-Bit Axe
23:26 Imperial Age
21:37 Bow Saw
21:29 Fishing Lines
21:48 Fletching
22:53 Gillnets
23:41 Bodkin Arrow
25:17 Bracer
29:49 Ballistics
30:41 Chemistry
30:32 Padded Archer Armor
FM-TheVoid
1:19 Loom
11:53 Feudal Age
10:50 Double-Bit Axe
17:20 Castle Age
16:13 Fishing Lines
16:53 Bow Saw
16:55 Gillnets
18:42 Wheelbarrow
24:16 Medium Warships
24:31 Horse Collar
28:59 Heavy Plow
30:00 Two-Man Saw
32:25 Imperial Age
30:07 Scale Barding Armor
30:45 Hand Cart
30:07 Cavalier
30:48 Husbandry
30:59 Forging
31:47 Chain Barding Armor
31:54 Gold Mining
31:55 Stone Mining
33:45 Plate Barding Armor
34:22 Gold Shaft Mining
34:36 Paladin
35:30 Town Watch
36:21 Iron Casting
Connection lost

Rejoining the realm…

Still unreachable

The connection could not be restored.

Session expired

The server has moved on; the page needs a fresh start.